 Dungeon Crawl Stone Soup version 0.26-a0-1164-g1a551d6a14 (webtiles) character file.

Game seed: 2594051205841760087

149 sahdkjhfkaj the Purveyor of Pain (level 5, -2/38 HPs)
             Began as a Demonspawn Necromancer on Dec 24, 2020.
             Was an Initiate of Kikubaaqudgha.
             Slain by an orc priest (3 damage)
             ... on level 3 of the Dungeon.
             The game lasted 00:06:16 (3964 turns).

sahdkjhfkaj the Purveyor of Pain (DsNe)             Turns: 3964, Time: 00:06:17

Health: -2/38      AC:  3    Str:  5 (8)  XL:     5   Next: 9%
Magic:  0/8        EV: 12    Int: 16 (17) God:    Kikubaaqudgha [......]
Gold:   134        SH:  0    Dex: 13 (14) Spells: 4/9 levels left

rFire    . . .     SeeInvis .   (no weapon)
rCold    . . .     Faith    .   (no shield)
rNeg     . . .     Spirit   .   a - +0 robe
rPois    .         Reflect  .   (no helmet)
rElec    .         Harm     .   (no cloak)
rCorr    .         Rampage  .   (no gloves)
Will     .....                  (no boots)
Stlth    ++........             (no amulet)
HPRegen  0.12/turn              (no ring)
MPRegen  0.11/turn              (no ring)

@: mighty
A: hooves 2, rugged brown scales 1
a: Renounce Religion


You were on level 3 of the Dungeon.
You worshipped Kikubaaqudgha.
Kikubaaqudgha was noncommittal.
You visited 1 branch of the dungeon, and saw 3 of its levels.

You collected 134 gold pieces.

Inventory:

Armour
 a - a +0 robe (worn)
Jewellery
 e - an uncursed ring of ice
 h - an uncursed amulet of guardian spirit {unknown}
Scrolls
 b - a scroll of teleportation {unknown}
 c - 2 scrolls of remove curse
 i - a scroll of enchant armour {unknown}
 j - 2 scrolls of identify


   Skills:
 - Level 1.0 Fighting
 - Level 2.0 Dodging
 - Level 2.0 Stealth
 - Level 2.5 Spellcasting
 + Level 6.4 Necromancy


You had 4 spell levels left.
You knew the following spells:

 Your Spells              Type           Power        Failure   Level
a - Pain                  Necr           88%          1%          1
c - Vampiric Draining     Necr           11%          4%          3
K - Animate Skeleton      Necr           44%          1%          1

Your spell library contained the following spells:

 Spells                   Type           Power        Failure   Level
 Animate Dead             Necr           11%          14%         4
 Agony                    Necr           22%          36%         5


Dungeon Overview and Level Annotations

Branches:
Dungeon (3/15)

Altars:
Fedhas
Kikubaaqudgha
Uskayaw
Wu Jian
Zin
The Shining One


Innate Abilities, Weirdness & Mutations

You have hoof-like feet.
You are partially covered in rugged brown scales. (AC +1, +3% HP)


Message History

There was something very wrong with that liquid.
You feel weakened.
You feel dopey.
You feel clumsy. The orc priest barely misses you.
You aren't carrying any items that you can evoke.
Unknown command.
The orc priest hits you.
* * * LOW HITPOINT WARNING * * *
Things that are here:
a +0 mace; a +0 leather armour You feel very mighty all of a sudden.
The orc priest closely misses you.
You barely miss the orc priest. The orc priest hits you.
* * * LOW HITPOINT WARNING * * *
Aiming: Pain (safe; 1% risk of failure)
Press: ? - help, Q - select action, (/) - cycle Shift-Dir - straight line, f - orc priest
Aim: an orc priest, wearing a +0 leather armour (chance to affect: 81%)
The orc priest writhes in agony.
The orc priest hits you.
You die...
Kikubaaqudgha rasps: "You have failed me!
Welcome... death!"

#...##########
#....o.....).#
#..####.####.#
#..##.....##.##
##.#.......#..#
#.#.......#..#
#....._......#
#####.#.....[.#..#
.)....#.......#o@#
#####.##.....##..#########
#.####.####.........<#
#............#########
#########..##.####
...(.......#..#
########.#...## #.#..##
#.#...#


You could see an orc priest.

Vanquished Creatures
  A hound (D:3)
  An orc priest (D:3)
  2 adders (D:2)
  A worm (D:3)
  3 dart slugs
  A leopard gecko (D:1)
  5 orcs (D:3)
  2 ball pythons
  5 giant cockroaches
  5 goblins
  4 hobgoblins
  3 jackals (D:2)
  2 quokkas
  6 bats
  5 frilled lizards
  2 kobolds
  9 rats
57 creatures vanquished.

Notes
Turn   | Place    | Note
-------+----------+-------------------------------------------
     0 | D:1      | sahdkjhfkaj the Demonspawn Necromancer began the quest for
                  | the Orb.
     0 | D:1      | Reached XP level 1. HP: 13/13 MP: 3/3
   408 | D:1      | Gained mutation: You are partially covered in rugged brown
                  | scales. (AC +1, +3% HP) [demonic ancestry]
   408 | D:1      | Reached XP level 2. HP: 12/19 MP: 2/5
   529 | D:1      | Learned a level 1 spell: Animate Skeleton
  1447 | D:2      | Reached skill level 5 in Necromancy
  1447 | D:2      | Reached XP level 3. HP: 11/25 MP: 1/6
  1451 | D:2      | Learned a level 3 spell: Vampiric Draining
  1898 | D:2      | Reached skill level 1 in Fighting
  2203 | D:2      | Found a glowing golden altar of the Shining One.
  2204 | D:2      | Found a glowing silver altar of Zin.
  2692 | D:2      | Found a blossoming altar of Fedhas.
  2823 | D:2      | Gained mutation: You have large cloven feet. [demonic
                  | ancestry]
  2823 | D:2      | Reached XP level 4. HP: 31/32 MP: 5/7
  3045 | D:3      | Found an ornate altar of the Wu Jian Council.
  3123 | D:3      | Reached skill level 6 in Necromancy
  3130 | D:3      | HP: 1/32 [frilled lizard (2)]
  3646 | D:3      | Found an ancient bone altar of Kikubaaqudgha.
  3698 | D:3      | Became a worshipper of Kikubaaqudgha
  3763 | D:3      | Noticed a +0 dagger
  3763 | D:3      | Noticed a +0 hand axe
  3766 | D:3      | Found a hide-covered altar of Uskayaw.
  3958 | D:3      | HP: 1/32 [orc priest/nerve-wracking pain (5)]
  3960 | D:3      | Gained mutation: You have hoof-like feet. [demonic
                  | ancestry]
  3960 | D:3      | Reached XP level 5. HP: 5/38 MP: 0/8
  3963 | D:3      | HP: 1/38 [orc priest (2)]
  3964 | D:3      | Slain by an orc priest

Illustrated notes

Levels and vault maps discovered:
D:1:      nicolae_arrival_memento_mori, layout_loops_corners,
          chequers_mini_garden
D:2:      layout_loops_corners, marbit_many_paths,
          gammafunk_temple_overflow_statue, st_stairs_10
D:3:      layout_basic, dancing_weapons_uskayaw, lemuel_coloured_pillars_altar,
          old_standard_altar

Skill      XL: |  1  2  3  4 |
---------------+-------------+-----
Stealth        | 2 |  2.0
Dodging        | 2 |  2.0
Necromancy     | 5 6 |  6.4
Fighting       | 1 |  1.0
Spellcasting   | |  2.5

Action                   |  1- 3 |  4- 6 || total
-------------------------+-------+-------++-------
Melee: Unarmed           |     8 |    28 ||    36
       Kick              |       |     2 ||     2
 Cast: Pain              |    73 |    27 ||   100
       Animate Skeleton  |     2 |       ||     2
       Vampiric Draining |       |     6 ||     6
  Use: Scroll            |     3 |       ||     3
       Potion            |       |     3 ||     3
Armor: Robe              |     7 |     7 ||    14
Dodge: Dodged            |    14 |    39 ||    53

Table legend: (Time is in decaauts)
 A = Elapsed time spent in this place.
 B = Non-inter-level travel time spent in this place.
 C = Inter-level travel time spent in this place.
 D = Time resting spent in this place.
 E = Time spent auto-exploring this place.
 F = Levels seen in this place.
 G = Mean time per level.
                   A        B        C        D        E       F      G
               +--------+--------+--------+--------+--------+-----+--------+
         Total |   3963 |   3808 |    155 |   1214 |   2199 |   3 | 1321.0 |
       Dungeon |   3963 |   3808 |    155 |   1214 |   2199 |   3 | 1321.0 |
               +--------+--------+--------+--------+--------+-----+--------+

Top non-repeatable levels by time:
     D:2: 1661 daAuts
     D:1: 1371 daAuts
     D:3: 931 daAuts
